AoeStats
← PEPEroncini

MegaRandom

507696780Analyzed
3v3 RM · 13d ago on Sep 19, 2026· 69m 42s· 6 players
Game mode
Random Map
Map size
Normal (6 player)
Population
200
Speed
Normal
Resources
Standard
Victory
Conquest
Starting age
Dark Age
Ending age
Imperial Age
RankedLock teamsTeams togetherTeam positionsShared explorationLock speedFull tech treeHidden civsTurbo modeCheats
Victory
Defeat
🇨🇭 Armenians · Switzerland
789
+14
🇮🇹 Byzantines · Italy
731
+17
🇫🇷 Aztecs · France
707
+18
766
-17
🇮🇳 Persians · India
762
-17
727
-15
mail.hiteshjangid
14:14 Loom
17:02 Feudal Age
19:14 Man-at-Arms
20:41 Double-Bit Axe
22:42 Fishing Lines
23:52 Forging
23:46 Scale Mail Armor
28:03 Castle Age
26:51 Gold Mining
26:52 Stone Mining
28:22 Long Swordsman
29:41 Iron Casting
29:22 Chain Mail Armor
32:42 Gold Shaft Mining
32:33 Bow Saw
36:12 Wheelbarrow
39:47 Imperial Age
40:11 Hand Cart
43:25 Blast Furnace
42:31 Scale Barding Armor
43:43 Thumb Ring
43:55 Murder Holes
48:31 Block Printing
53:03 Parthian Tactics
58:27 Kamandaran
60:04 Padded Archer Armor
59:55 Fletching
64:31 Crossbowman
哈哈哈我不是数字名字
6:54 Loom
17:04 Feudal Age
18:02 Town Watch
18:47 Horse Collar
18:42 Man-at-Arms
20:29 Double-Bit Axe
24:24 Wheelbarrow
25:05 Forging
26:59 Scale Barding Armor
27:15 Fletching
35:16 Gold Mining
63:25 Bloodlines
69:46 Castle Age
砍德沃.基尔邦硬.香达菲基
7:12 Loom
19:26 Feudal Age
19:55 Double-Bit Axe
19:52 Horse Collar
29:29 Castle Age
28:27 Forging
34:04 Bow Saw
36:56 Fletching
39:52 Heavy Plow
43:54 Masonry
47:42 Pikeman
48:41 Squires
56:08 Scale Mail Armor
59:47 Chain Mail Armor
60:44 Bloodlines
61:25 Wheelbarrow
62:19 Scale Barding Armor
67:10 Hand Cart
Cubayop
16:07 Feudal Age
15:09 Loom
19:53 Wheelbarrow
19:08 Town Watch
33:13 Arson
39:10 Scale Mail Armor
39:21 Forging
44:22 Castle Age
48:21 Double-Bit Axe
52:18 Hand Cart
52:18 Bow Saw
51:51 Horse Collar
59:51 Caravan
63:46 Imperial Age
63:32 Eagle Warrior
64:13 Squires
64:46 Chain Mail Armor
65:13 Iron Casting
PEPEroncini
13:03 Loom
16:45 Feudal Age
18:47 Wheelbarrow
18:10 Double-Bit Axe
19:34 Man-at-Arms
20:17 Town Watch
21:24 Horse Collar
21:12 Long Swordsman
22:53 Arson
31:55 Forging
35:34 Gold Mining
36:15 Scale Mail Armor
42:17 Castle Age
43:10 Padded Archer Armor
43:46 Iron Casting
43:33 Bow Saw
44:48 Gambesons
44:24 Two-Handed Swordsman
46:40 Chain Mail Armor
46:33 Squires
47:19 Gold Shaft Mining
47:09 Heavy Plow
48:01 Hand Cart
48:22 Stone Mining
48:24 Champion
59:46 Caravan
62:28 Imperial Age
65:00 Blast Furnace
65:06 Capped Ram
66:44 Plate Mail Armor
Francis
4:00 Loom
17:53 Feudal Age
18:27 Double-Bit Axe
18:25 Horse Collar
20:18 Wheelbarrow
21:38 Forging
26:32 Castle Age
25:29 Fletching
25:40 Padded Archer Armor
25:41 Gold Mining
25:42 Stone Mining
26:38 Crossbowman
27:44 Thumb Ring
27:50 Thumb Ring
49:07 Hand Cart
58:33 Bow Saw
Connection lost

Rejoining the realm…

Still unreachable

The connection could not be restored.

Session expired

The server has moved on; the page needs a fresh start.